 Dungeon Crawl Stone Soup version 0.21.1-1-g345015f (webtiles) character file.

247 tidbits the Insei (level 6, 6/47 HPs)
             Began as a Gnoll Transmuter on Mar 23, 2018.
             Quit the game on level 4 of the Dungeon.
             The game lasted 00:05:37 (442 turns).

tidbits the Insei (Gnoll Transmuter)                 Turns: 442, Time: 00:05:38

Health: 6/47       AC:  2    Str: 13    XL:     6   Next: 11%
Magic:  3/13       EV: 24    Int: 22    God:
Gold:   54         SH:  0    Dex: 23    Spells: 5/15 levels left

rFire    . . .     SeeInvis .     - Unarmed
rCold    . . .     Gourm    .   (shield currently unavailable)
rNeg     . . .     Faith    .   (armour currently unavailable)
rPois    x         Spirit   .   (helmet currently unavailable)
rElec    .         Reflect  .   (cloak currently unavailable)
rCorr    .         Harm     .   (gloves currently unavailable)
MR       .....                  (boots currently unavailable)
Stlth    +.........             (no amulet)
HPRegen  0.15/turn              X - +3 ring of dexterity
MPRegen  0.13/turn              (no ring)

@: confused, brilliant, spider-form, very slightly contaminated
A: tiny, distributed training, strong nose
a: End Transformation


You were on level 4 of the Dungeon.
You were not hungry.
You were a venomous arachnid creature.
You visited 1 branch of the dungeon, and saw 4 of its levels.

You collected 54 gold pieces.

Inventory:

Hand Weapons
 a - a +0 dagger (melded)
Missiles
 e - 9 arrows
 h - 4 tomahawks (quivered)
Armour
 b - a +0 robe (melded)
Jewellery
 X - a +3 ring of dexterity (left front leg)
   (You found it on level 2 of the Dungeon)
Scrolls
 f - 3 scrolls of identify {unknown}
 j - a scroll of fog {unknown}
 k - a scroll of random uselessness {unknown}
Potions
 g - a potion of might
Books
 c - a book of Changes

   Spells                             Type                      Level
   a - Beastly Appendage              Transmutation                1
   b - Sticks to Snakes               Transmutation                2
   c - Spider Form                    Transmutation/Poison         3
   d - Ice Form                       Ice/Transmutation            4
   e - Blade Hands                    Transmutation                5
Comestibles
 d - 4 rations


   Skills:
 + Level 3.1 Fighting
 + Level 1.8 Short Blades
 + Level 1.8 Long Blades
 + Level 1.8 Axes
 + Level 1.8 Maces & Flails
 + Level 1.8 Polearms
 + Level 1.8 Staves
 + Level 1.8 Slings
 + Level 1.8 Bows
 + Level 1.8 Crossbows
 + Level 1.8 Throwing
 + Level 1.8 Armour
 + Level 4.9 Dodging
 + Level 1.8 Stealth
 + Level 1.8 Shields
 + Level 6.8 Unarmed Combat
 + Level 5.3 Spellcasting
 + Level 1.4 Conjurations
 + Level 1.4 Hexes
 + Level 1.4 Charms
 + Level 1.4 Summonings
 + Level 1.4 Necromancy
 + Level 1.4 Translocations
 + Level 4.0 Transmutations
 + Level 1.4 Fire Magic
 + Level 1.4 Ice Magic
 + Level 1.4 Air Magic
 + Level 1.4 Earth Magic
 + Level 1.4 Poison Magic
 + Level 2.0 Invocations
 + Level 1.8 Evocations


You had 5 spell levels left.
You knew the following spells:

 Your Spells              Type           Power        Failure   Level  Hunger
e - Beastly Appendage     Tmut           #####.       1%          1    None
i - Ice Form              Ice/Tmut       ####....     7%          4    ####...
k - Sticks to Snakes      Tmut           #####...     1%          2    None
p - Spider Form           Tmut/Pois      ####......   3%          3    ##.....


Dungeon Overview and Level Annotations

Branches:
Dungeon (5/15)
 Temple: D:4-7

Altars:

Annotations:
D:4 vatarom's ghost, amateur DrCj


Innate Abilities, Weirdness & Mutations

Your experience applies equally to all skills.
((You have very sharp teeth.))
Your uncanny sense of smell can sniff out nearby items.


Message History

Press: ? - help, Shift-Dir - straight line, f - gnoll
Aim: a gnoll, wielding a spear (hasn't noticed you)
You throw a tomahawk. The gnoll shouts!
The tomahawk hits the gnoll shaman.
The gnoll shaman is lightly wounded. 2 gnolls come into view.
Throwing (i - inventory):
h - 5 tomahawks (quivered)
Press: ? - help, Shift-Dir - straight line, f - gnoll, p - gnoll
Aim: a gnoll (hasn't noticed you)
You throw a tomahawk. The gnoll shouts!
The tomahawk hits the gnoll shaman.
The gnoll shaman is moderately wounded.
A gnoll, an orc and a centaur come into view.
An orc wizard comes into view. It is wielding a dagger.
Throwing (i - inventory):
h - 4 tomahawks (quivered)
Press: ? - help, Shift-Dir - straight line, f - gnoll
Aim: a gnoll, wielding a spear
Okay, then.
The gnoll shaman calls down the wrath of its god upon you.
You resist with some effort.
There is an open door here.
An orc comes into view. It is wielding a whip.
There is a stone staircase leading up here.
Unknown command.
You climb upwards.
There is a stone staircase leading down here.
Unknown command.
You open the door.
There is an open door here.
An adder comes into view.
Found a scroll labeled JALURO DUSEATO.
The adder bites you.
You are poisoned.
The adder poisons you!
Unknown command.
Casting: Spider Form
Confirm with . or Enter, or press ? or * to list all spells.
You turn into a venomous arachnid creature.
Your +0 dagger melds into your body.
Your +0 robe melds into your body.
You feel sick. The adder bites you. The adder barely misses you.
Unknown command.
You closely miss the adder. The adder misses you.
You barely miss the adder.
You feel a little less mighty now. The adder completely misses you.
You bite the adder!
The adder looks as sick as possible!
The adder is almost dead.
You feel sick.
You kill the adder!
You see here a scroll labeled JALURO DUSEATO.
f - 3 scrolls labeled JALURO DUSEATO (gained 1)
You feel sick.
Your transformation is almost over.
You feel sick.
You feel sick.
You are no longer poisoned.
You open the door.
Your transformation has ended.
Your +0 dagger unmelds from your body.
Your +0 robe unmelds from your body.
Found 23 arrows.
A scorpion comes into view.
There is an open door here.
Casting: Spider Form
Confirm with . or Enter, or press ? or * to list all spells.
You miscast Spider Form.
You are very lightly contaminated with residual magic.
Your vision is briefly tinged with green.
Vatarom's ghost (amateur Draconian Conjurer) comes into view.
It is wielding a weapon of pain.
Unknown command.
There is an open door here.
Casting: Spider Form
Confirm with . or Enter, or press ? or * to list all spells.
You turn into a venomous arachnid creature.
Your +0 dagger melds into your body.
Your +0 robe melds into your body.
The scorpion closely misses you.
You hit the scorpion but do no damage.
The scorpion is poisoned.
You kill the scorpion!
Your Invocations skill increases to level 2!
You have reached level 6!
Your experience leads to an increase in your attributes!
Your base attributes are Str 13, Int 16, Dex 15.
Increase (S)trength, (I)ntelligence, or (D)exterity?
You feel clever.
Vatarom's ghost turns its malevolent gaze towards you.
It was a potion of brilliance.
You feel clever all of a sudden. Vatarom's ghost casts a spell at you.
The spray of energy hits you!
* * * LOW HITPOINT WARNING * * *
You are confused.
Unknown command.
You're too confused!
Unknown command.
Press: ? - help, v - describe, . - travel The floor.
You're too confused!
Unknown command.
Are you sure you want to abandon this character and quit the game? (Confirm with "yes".)

#......#####.#.#
#......# #.#.#
#......# #.#.# ∆
#......# #...#
#......# ###.#
#......# ##.##
.......# #...###
.. .......#
#.#.#.##.....
#.#.s........
###.##'###..##
#............#
#........##.##
#.....W..(
#.........#
#..........
#........#..
#........#..#


You could see vatarom's ghost.

Vanquished Creatures
  A sky beast (D:5)
  A scorpion (D:4)
  A centaur skeleton (D:5)
  2 gnolls (D:2)
  2 adders
  An ooze (D:1)
  2 dart slugs (D:1)
  2 leopard geckos
  2 bats (D:2)
  A giant cockroach (D:2)
  6 goblins
  A quokka (D:2)
  2 frilled lizards (D:1)
  A jackal skeleton (D:5)
  2 kobolds (D:1)
27 creatures vanquished.

Vanquished Creatures (collateral kills)
  A gnoll (D:2)
1 creature vanquished.

Vanquished Creatures (others)
  A ball python (D:2)
1 creature vanquished.

Grand Total: 29 creatures vanquished

Notes
Turn   | Place    | Note
-------+----------+-------------------------------------------
     0 | D:1      | tidbits the Gnoll Transmuter began the quest for the Orb.
     0 | D:1      | Reached XP level 1. HP: 17/17 MP: 6/6
    21 | D:1      | Reached XP level 2. HP: 21/23 MP: 7/7
    25 | D:1      | Learned a level 2 spell: Sticks to Snakes
   129 | D:2      | Reached skill level 5 in Spellcasting
   129 | D:2      | Reached XP level 3. HP: 27/28 MP: 4/9
   131 | D:2      | Reached skill level 1 in Invocations
   208 | D:2      | Reached skill level 1 in Short Blades
   208 | D:2      | Reached skill level 1 in Long Blades
   208 | D:2      | Reached skill level 1 in Axes
   208 | D:2      | Reached skill level 1 in Maces & Flails
   208 | D:2      | Reached skill level 1 in Polearms
   208 | D:2      | Reached skill level 1 in Staves
   208 | D:2      | Reached skill level 1 in Slings
   208 | D:2      | Reached skill level 1 in Bows
   208 | D:2      | Reached skill level 1 in Crossbows
   208 | D:2      | Reached skill level 1 in Throwing
   208 | D:2      | Reached skill level 1 in Armour
   208 | D:2      | Reached skill level 1 in Stealth
   208 | D:2      | Reached skill level 1 in Shields
   208 | D:2      | Reached skill level 1 in Evocations
   214 | D:2      | Learned a level 3 spell: Spider Form
   224 | D:2      | Reached XP level 4. HP: 34/34 MP: 4/11
   230 | D:2      | Learned a level 4 spell: Ice Form
   286 | D:2      | You fall through a shaft for 2 floors!
   289 | D:5      | Entered Level 5 of the Dungeon
   324 | D:5      | Reached skill level 1 in Conjurations
   324 | D:5      | Reached skill level 1 in Hexes
   324 | D:5      | Reached skill level 1 in Charms
   324 | D:5      | Reached skill level 1 in Summonings
   324 | D:5      | Reached skill level 1 in Necromancy
   324 | D:5      | Reached skill level 1 in Translocations
   324 | D:5      | Reached skill level 1 in Fire Magic
   324 | D:5      | Reached skill level 1 in Ice Magic
   324 | D:5      | Reached skill level 1 in Air Magic
   324 | D:5      | Reached skill level 1 in Earth Magic
   324 | D:5      | Reached skill level 1 in Poison Magic
   337 | D:5      | Noticed a sky beast
   349 | D:5      | Killed a sky beast
   349 | D:5      | Reached skill level 3 in Fighting
   349 | D:5      | Reached skill level 4 in Transmutations
   349 | D:5      | Reached XP level 5. HP: 20/41 MP: 0/12
   370 | D:5      | Noticed a centaur
   425 | D:4      | Noticed vatarom's ghost (amateur DrCj)
   434 | D:4      | Reached skill level 2 in Invocations
   434 | D:4      | Reached XP level 6. HP: 24/47 MP: 2/13
   442 | D:4      | Quit the game

Skill      XL: |  1  2  3  4  5 |
---------------+----------------+-----
Spellcasting   | 5 |  5.3
Invocations    | 1 2 |  2.0
Short Blades   | 1 |  1.8
Long Blades    | 1 |  1.8
Axes           | 1 |  1.8
Maces & Flails | 1 |  1.8
Polearms       | 1 |  1.8
Staves         | 1 |  1.8
Slings         | 1 |  1.8
Bows           | 1 |  1.8
Crossbows      | 1 |  1.8
Throwing       | 1 |  1.8
Armour         | 1 |  1.8
Stealth        | 1 |  1.8
Shields        | 1 |  1.8
Evocations     | 1 |  1.8
Conjurations   | 1 |  1.4
Hexes          | 1 |  1.4
Charms         | 1 |  1.4
Summonings     | 1 |  1.4
Necromancy     | 1 |  1.4
Translocations | 1 |  1.4
Fire Magic     | 1 |  1.4
Ice Magic      | 1 |  1.4
Air Magic      | 1 |  1.4
Earth Magic    | 1 |  1.4
Poison Magic   | 1 |  1.4
Fighting       | 3 |  3.1
Transmutations | 4 |  4.0
Dodging        | |  4.9
Unarmed Combat | |  6.8

Action                   |  1- 3 |  4- 6 || total
-------------------------+-------+-------++-------
Melee: Unarmed           |    40 |    16 ||    56
       Headbutt          |     4 |       ||     4
       Bite              |     4 |       ||     4
       Kick              |     2 |       ||     2
       Punch             |     1 |       ||     1
       Dagger            |       |     1 ||     1
Throw: Tomahawk          |     6 |     2 ||     8
 Cast: Beastly Appendage |     9 |       ||     9
       Sticks to Snakes  |     3 |       ||     3
       Spider Form       |     1 |     5 ||     6
  Use: Potion            |       |     2 ||     2
 Stab: Sleeping          |       |     1 ||     1
Armor: Robe              |     5 |       ||     5
       Skin              |       |     1 ||     1
Dodge: Dodged            |    20 |    18 ||    38

Table legend:
 A = Turns spent in this place as a percentage of turns spent in the entire game.
 B = Non-inter-level travel turns spent in this place as a percentage of non-inter-level travel turns spent in the entire game.
 C = Inter-level travel turns spent in this place as a percentage of turns spent in this place.
 D = Turns resting spent in this place as a percentage of non-inter-level travel turns spent in this place.
 E = Turns spent auto-exploring this place as a percentage of non-inter-level travel turns spent in this place.
 F = Non-inter-level travel turns spent in this place divided by the number of levels of this place that you've seen.
                   A       B       C       D       E      F
               +-------+-------+-------+-------+-------+----------------------
         Total | 100.0 | 100.0 |   2.3 |   0.0 |   0.0 | 108.0
       Dungeon | 100.0 | 100.0 |   2.3 |   0.0 |   0.0 | 108.0
               +-------+-------+-------+-------+-------+----------------------

Table legend:
 A = Kills in this place as a percentage of kills in entire the game.
 B = Kills by you in this place as a percentage of kills by you in the entire game.
 C = Kills by friends in this place as a percentage of kills by friends in the entire game.
 D = Other kills in this place as a percentage of other kills in the entire game.
 E = Experience gained in this place as a percentage of experience gained in the entire game.
 F = Experience gained in this place divided by the number of levels of this place that you have seen.
                   A       B       C       D       E      F
               +-------+-------+-------+-------+-------+----------------------
         Total | 100.0 | 100.0 | 100.0 |   N/A | 100.0 |  88.5
       Dungeon | 100.0 | 100.0 | 100.0 |   N/A | 100.0 |  88.5
               +-------+-------+-------+-------+-------+----------------------

Vault maps used:
D:1:      dpeg_arrival_shelter
D:2:      nicolae_overflow_crystal_walls, nicolae_overflow_hidden_temple,
          fiery_altar_vehumet, minmay_rat_hole
D:4:      minmay_temple_entry_enclosed_plants, serial_shops, shop,
          uniq_crazy_yiuf_cottage
D:5:      first_ration, minmay_a_box_with_orc_wizards_in_it
